 Dungeon Crawl Stone Soup version 0.18-a0-1196-g09327cf (webtiles) character file.

734 Grap the Cudgeler (level 7, -15/66 HPs)
             Began as a Hill Orc Fighter on Jan 30, 2016.
             Was a Believer of Okawaru.
             Demolished by a deep elf knight
             ... wielding a +0 rapier
              (19 damage)
             ... on level 4 of the Dungeon.
             The game lasted 00:08:41 (4452 turns).

Grap the Cudgeler (Hill Orc Fighter)                Turns: 4452, Time: 00:08:41

Health: -15/66     AC: 11    Str: 25    XL:     7   Next: 74%
Magic:  7/7        EV:  7    Int:  8    God:    Okawaru [**....]
Gold:   79         SH: 11    Dex: 11    Spells: 1 memorised, 3 levels left

rFire  . . .     SeeInvis +     a - +0 flail
rCold  . . .     Gourm    .     b - +0 scale mail
rNeg   . . .     Faith    .     q - +2 shield
rPois  .         Spirit   .     l - +0 helmet
rElec  .         Dismiss  .     (no cloak)
rCorr  .         Reflect  .     B - +0 pair of gloves (curse)
SustAt .         Harm     .     G - +1 pair of boots of Mysticism {SInv}
MR     +....                    (no amulet)
Stlth  ..........               (no ring)
                                H - ring of protection from magic

@: mighty, somewhat resistant to hostile enchantments, extremely unstealthy
A: no striking features
a: Heroism, Renounce Religion


You were on level 4 of the Dungeon.
You worshipped Okawaru.
Okawaru was pleased with you.
You were hungry.

You visited 1 branch of the dungeon, and saw 5 of its levels.

You collected 286 gold pieces.
You spent 207 gold pieces at shops.

Inventory:

Hand Weapons
 a - a +0 flail (weapon)
Missiles
 r - 31 sling bullets
 F - 2 tomahawks (quivered)
Armour
 b - a +0 scale mail (worn)
 c - a +0 shield
 l - a +0 helmet (worn)
 q - a +2 shield (worn)
 y - a cursed +0 pair of boots
 B - a cursed +0 pair of gloves (worn)
 G - the +1 pair of boots of Mysticism (worn) {SInv}
   (You bought it in a shop on level 4 of the Dungeon)

   It lets you see invisible.
Jewellery
 H - a ring of protection from magic (left hand)
Scrolls
 e - 7 scrolls of identify {unknown}
 h - 2 scrolls of fear {unknown}
 i - 2 scrolls of amnesia {unknown}
 n - 4 scrolls of teleportation {unknown}
 o - 3 scrolls of remove curse {unknown}
 s - a scroll of blinking {unknown}
 t - a scroll of recharging {unknown}
 C - a scroll of immolation {unknown}
 I - a scroll of enchant armour {unknown}
 J - a scroll of enchant weapon {unknown}
Potions
 d - a potion of might
 j - 2 potions of haste {unknown}
 p - a potion of heal wounds {unknown}
 u - a potion of agility {unknown}
 x - a potion of flight {unknown}
 z - a potion of brilliance {unknown}
 A - a potion of poison {unknown}
 D - a potion of mutation {unknown}
Books
 E - a book of Battle

   Spells                             Type                      Level
   a - Infusion                       Charms                       1
   b - Shroud of Golubria             Charms/Translocation         2
   c - Song of Slaying                Charms                       2
   d - Spectral Weapon                Hexes/Charms                 3
   e - Regeneration                   Charms/Necromancy            3
Comestibles
 f - 3 bread rations
 g - 2 royal jellies
 k - 2 slices of pizza
 m - 3 fruits
 v - a beef jerky
 w - a meat ration


   Skills:
 - Level 7.0 Fighting
 + Level 7.5 Maces & Flails
 - Level 3.2 Armour
 - Level 3.2 Shields


You had 3 spell levels left.
You knew the following spells:

 Your Spells              Type           Power        Failure   Level  Hunger
a - Regeneration          Chrm/Necr      #.........   100%        3    ####...


Dungeon Overview and Level Annotations

Branches:
Dungeon (5/15)             Temple (0/1) D:5

Altars:
Fedhas
Makhleb
Nemelex Xobeh
Okawaru
Pakellas
Qazlal
Ru
Sif Muna

Shops:
D:4 %[

Annotations:
D:2 exclusion: oklob plant
D:5 Eustachio


Message History

The wight is heavily damaged.
The deep elf knight hits you with a rapier.
* * * LOW HITPOINT WARNING * * *
You block the wight's attack.
You hit the wight but do no damage.
The wight is heavily damaged.
You block the deep elf knight's attack. You block the wight's attack.
You bludgeon the wight!!
You destroy the wight!
Okawaru accepts your kill.
The deep elf knight hits you with a rapier.
* * * LOW HITPOINT WARNING * * *
Things that are here:
a long sword; a ring mail You barely miss the deep elf knight.
The deep elf knight hits you with a rapier!
* * * LOW HITPOINT WARNING * * *
You barely miss the deep elf knight.
The deep elf knight hits you with a rapier!!
You die...

#.####.# #.#....#
##########
#.#.#.^###........#
#.#.#<.....######.#
#......##### #.#
##.##### #.# #.#
#.# ### #.#
######### #.###.##
#.#
#..@e...###.##...##
#.#
#.......#....<....#
#.#
#.......#.###....##
#.# #.......#.#
#..^## #.#
#.......#.###.###
#.# #.......#.....#
#.# #.......###.###
#.# ####.#### #.#
#.#######.# #.#


You could see a deep elf knight.

Vanquished Creatures
  An ice beast (D:5)
  A sky beast (D:5)
  2 centaurs
  A wight (D:4)
  A hound (D:5)
  2 orc priests (D:4)
  An orc wizard (D:4)
  A centaur skeleton (D:5)
  An iguana (D:4)
  Terence (D:3)
  3 gnolls (D:3)
  6 adders
  5 worms
  A giant gecko (D:4)
  8 orcs
  3 ball pythons
  A giant cockroach (D:4)
  4 goblins
  7 hobgoblins
  7 jackals
  3 quokkas
  4 bats
  4 giant newts
  2 kobolds (D:3)
  4 rats
74 creatures vanquished.

Vanquished Creatures (others)
  15 toadstools (D:2)
15 creatures vanquished.

Grand Total: 89 creatures vanquished

Notes
Turn   | Place    | Note
--------------------------------------------------------------
     0 | D:1      | Grap the Hill Orc Fighter began the quest for the Orb.
     0 | D:1      | Reached XP level 1. HP: 19/19 MP: 1/1
   479 | D:1      | Reached skill level 4 in Fighting
  1046 | D:2      | Reached XP level 2. HP: 20/28 MP: 2/2
  1165 | D:2      | Reached skill level 5 in Fighting
  1165 | D:2      | Reached XP level 3. HP: 7/36 MP: 3/3
  1645 | D:2      | Found a blossoming altar of Fedhas.
  1667 | D:2      | Noticed an oklob plant
  1939 | D:2      | Found an iron altar of Okawaru.
  1954 | D:2      | Became a worshipper of Warmaster Okawaru
  2459 | D:3      | Reached XP level 4. HP: 38/44 MP: 4/4
  2570 | D:3      | Found a sacrificial altar of Ru.
  2611 | D:3      | Found a stormy altar of Qazlal.
  2741 | D:3      | Reached skill level 6 in Fighting
  2949 | D:3      | Noticed Terence
  2953 | D:3      | Killed Terence
  2972 | D:3      | Reached XP level 5. HP: 51/51 MP: 5/5
  2973 | D:3      | Found a sparkling altar of Nemelex Xobeh.
  3163 | D:4      | Reached skill level 7 in Fighting
  3239 | D:4      | Noticed a centaur
  3244 | D:4      | Killed a centaur
  3244 | D:4      | Reached * piety under Okawaru
  3244 | D:4      | Reached XP level 6. HP: 19/60 MP: 6/6
  3530 | D:4      | Found an oddly glowing altar of Pakellas.
  3555 | D:4      | Found Puqustrapp's Food Emporium.
  3618 | D:4      | Found a burning altar of Makhleb.
  3619 | D:4      | Noticed a green death
  3719 | D:4      | Reached skill level 5 in Maces & Flails
  3843 | D:4      | Found a deep blue altar of Sif Muna.
  3861 | D:4      | Found Uvauhydu's Armour Emporium.
  3864 | D:4      | Bought the +1 pair of boots of Mysticism {SInv} for 207 gold pieces
  4081 | D:5      | Entered Level 5 of the Dungeon
  4122 | D:5      | Noticed a sky beast
  4134 | D:5      | Killed a sky beast
  4134 | D:5      | Reached XP level 7. HP: 57/66 MP: 7/7
  4164 | D:5      | Learned a level 3 spell: Regeneration
  4174 | D:5      | Found a staircase to the Ecumenical Temple.
  4193 | D:5      | Reached ** piety under Okawaru
  4430 | D:5      | Noticed a deep elf knight
  4431 | D:5      | Noticed Eustachio
  4452 | D:4      | Demolished by a deep elf knight

Vault maps used:
D:1:      lemuel_arrival_broad_hall
D:2:      lemuel_round_altar, tgw_fedhas, first_bread,
          minmay_misc_feat_four_crosses
D:3:      nicolae_ru_awakened_eye, old_standard_altar,
          nemelex_xobeh_ov_fountains_minmay, st_stairs_6, uniq_terence
D:4:      makhleb_altar_promises_db, grunt_pakellas_salt, serial_shops, shop,
          shop, led_sif_pool
D:5:      kennysheep_mini_moat, elyvilon_altar_3, led_xom_imps,
          minmay_temple_entry_crystal_x, sword_in_stone

Action                   |  1- 3 |  4- 6 |  7- 9 || total
-------------------------+-------+-------+-------++-------
Melee: Flail             |   107 |   166 |    55 ||   328
  Use: Potion            |       |     1 |     1 ||     2
  Eat: Chunk             |     5 |     5 |     1 ||    11
